Map: [ESL] Site Delta

Players

Lambo - Winner!

  • Race: Zerg Zerg
  • Spawn Location: 5:00

ShaDoWn

  • Race: Protoss Protoss
  • League: Master
  • Spawn Location: 11:00

Event: HomeStory Cup XXIV

VOD

Have the link to the VOD?

Description

Time

  • Played on: Dec. 1, 2023, 3:15 p.m.
  • Length: 11:30

All games in this series

Show
View Real Time Build Order
Export as new Build Order

Lambo Zerg - Winner!

Build Orders: Hatch First 

Get SALT Encoding   

  12  0:00  Drone  
  13  0:12  Overlord  
  13  0:16  Drone  
  14  0:30  Drone x2  
  16  0:43  Drone  
  17  0:51  Hatchery  
  17  0:54  Drone  
  17  0:57  Drone  
  18  1:08  Extractor  
  17  1:12  Spawning Pool  
  17  1:16  Drone  
  17  1:19  Drone  
  18  1:27  Drone  
  19  1:38  Drone  
  20  1:51  Overlord  
  20  1:59  Queen  
  22  2:03  Drone, Queen  
  22  2:04  Zergling x2  
  26  2:09  Metabolic Boost  
  26  2:11  Zergling x2  
  26  2:14  Drone  
  28  2:21  Drone  
  29  2:25  Drone  
  30  2:34  Drone  
  31  2:41  Hatchery  
  31  2:42  Drone  
  31  2:45  Queen  
  33  2:51  Overlord  
  33  2:59  Zergling x2  
  33  3:00  Zergling x2  
  33  3:04  Drone  
  36  3:07  Overlord  
  36  3:09  Zergling x2, Queen  
  36  3:11  Drone  
  40  3:13  Drone  
  40  3:26  Drone x4  
  43  3:30  Drone x2  
  45  3:42  Drone x5  
  50  3:50  Queen  
  50  3:51  Spore Crawler  
  50  3:53  Drone x2  
  52  3:59  Drone  
  52  4:01  Drone x4  
  55  4:04  Evolution Chamber  
  55  4:05  Drone  
  55  4:12  Queen  
  55  4:13  Drone  
  58  4:18  Zergling x2  
  58  4:20  Overlord  
  58  4:22  Spore Crawler  
  58  4:23  Overlord  
  57  4:28  Drone  
  58  4:38  Baneling Nest, Overlord  
  57  4:39  Overlord  
  57  4:40  Drone x5  
  57  4:44  Zergling x4  
  64  4:50  Zerg Melee Weapons Level 1  
  64  4:51  Zergling x4  
  66  4:58  Overlord  
  66  5:09  Drone x10  
  72  5:14  Zergling x6  
  72  5:17  Drone  
  75  5:25  Zergling x4  
  75  5:26  Drone x3, Hatchery  
  79  5:35  Zergling x6  
  81  5:38  Spore Crawler  
  81  5:41  Extractor  
  81  5:42  Zergling x6  
  81  5:45  Zergling x4  
  81  5:48  Zergling x2  
  83  5:53  Zergling x12  
  83  5:54  Baneling x4  
  83  5:57  Baneling  
  89  5:59  Extractor  
  88  6:04  Overlord  
  88  6:05  Zergling x4  
  88  6:09  Overlord  
  88  6:10  Overlord  
  89  6:18  Drone x7  
  84  6:19  Drone x2  
  84  6:20  Drone  
  85  6:27  Drone x3  
  85  6:28  Lair  
  88  6:33  Drone  
  88  6:39  Zergling x10  
  94  6:44  Extractor  
  94  6:46  Zergling x12  
  99  6:51  Drone  
  99  6:52  Drone x3  
  99  6:53  Roach Warren  
  102  6:56  Drone, Hatchery  
  102  6:58  Drone  
  102  6:59  Spore Crawler  
  102  7:04  Baneling  
  102  7:05  Drone x5, Baneling x4  
  105  7:17  Drone x10  
  105  7:22  Overlord  
  113  7:24  Drone x4, Overlord  
  116  7:31  Extractor  
  116  7:33  Zergling x10  
  116  7:34  Glial Reconstitution  
  116  7:35  Zerg Melee Weapons Level 2  
  118  7:38  Infestation Pit, Extractor  
  118  7:42  Roach x3  
  122  7:45  Overseer  
  122  7:49  Roach x7, Overlord  
  136  7:51  Overlord  
  136  7:58  Spore Crawler  
  136  8:02  Overlord, Spine Crawler  
  136  8:04  Overlord  
  133  8:07  Drone  
  133  8:10  Zergling x16  
  141  8:13  Drone x2  
  141  8:14  Drone x3  
  141  8:15  Hive  
  141  8:16  Spore Crawler  
  141  8:17  Roach x4  
  153  8:22  Roach x4  
  153  8:25  Drone  
  162  8:29  Centrifugal Hooks  
  162  8:30  Zergling x14  
  168  8:43  Zergling x10, Spine Crawler  
  172  8:59  Zergling x6  
  172  9:00  Overlord  
  172  9:01  Overlord  
  171  9:09  Zergling x20  
  174  9:10  Spine Crawler  
  174  9:14  Zergling x4  
  169  9:20  Zergling x20  
  166  9:27  Zergling x14  
  166  9:30  Drone  
  173  9:32  Roach x2, Spine Crawler  
  173  9:35  Baneling  
  173  9:36  Baneling x4  
  173  9:37  Viper x2  
  181  9:40  Zergling x12  
  181  9:44  Roach x2  
  188  9:46  Roach  
  188  9:47  Baneling x8  
  188  9:49  Zergling x2  
  188  9:51  Baneling x4  
  186  9:54  Baneling x3  
  186  9:58  Overlord  
  186  10:02  Overlord  
  184  10:07  Roach x2  
  184  10:11  Zergling x14  
  184  10:12  Zergling x2  
  181  10:15  Zergling x20  
  181  10:18  Baneling  
  181  10:20  Ravager  
  190  10:22  Baneling x15  
  190  10:23  Baneling x4  
  190  10:24  Drone  
  190  10:25  Drone x3  
  190  10:27  Spine Crawler  
  193  10:28  Zergling x2  
  193  10:29  Zergling x10  
  199  10:37  Baneling x9  
  199  10:46  Overlord  
  198  10:51  Zergling x4  
  193  10:59  Zergling x28  
  193  11:03  Zergling x14  
  199  11:09  Roach x3  
Show
View Real Time Build Order
Export as new Build Order

ShaDoWn Protoss 

Build Orders: 1 Gate Expand, Oracle Opening 

Get SALT Encoding   

  12  0:00  Probe  
  13  0:13  Pylon  
  13  0:18  Probe (Chrono Boost)  
  14  0:27  Probe (Chrono Boost)  
  15  0:32  Probe (Chrono Boost)  
  16  0:39  Gateway  
  16  0:44  Probe  
  16  0:48  Assimilator  
  17  0:56  Probe  
  18  1:08  Probe  
  19  1:20  Probe  
  20  1:27  Nexus  
  20  1:33  Cybernetics Core  
  20  1:37  Probe  
  21  1:43  Assimilator  
  21  1:49  Probe  
  21  1:52  Pylon  
  22  2:01  Probe  
  22  2:08  Adept (Chrono Boost)  
  23  2:13  Probe  
  26  2:17  Stargate  
  26  2:25  Probe (Chrono Boost)  
  27  2:30  Adept (Chrono Boost)  
  27  2:33  Warp Gate  
  30  2:38  Probe (Chrono Boost)  
  30  2:41  Probe (Chrono Boost)  
  30  2:43  Probe (Chrono Boost)  
  32  2:51  Probe  
  32  2:52  Adept (Chrono Boost)  
  32  2:54  Probe  
  36  3:01  Oracle (Chrono Boost)  
  36  3:03  Probe  
  40  3:10  Probe  
  40  3:11  Pylon  
  41  3:15  Probe  
  42  3:22  Probe  
  43  3:27  Probe  
  47  3:34  Gateway, Oracle, Probe  
  47  3:40  Probe  
  47  3:46  Probe  
  48  3:52  Twilight Council, Probe  
  48  3:54  Gateway x2  
  49  3:58  Probe  
  49  4:01  Pylon  
  50  4:04  Probe  
  51  4:10  Probe  
  51  4:19  Probe  
  51  4:22  Probe, Stalker  
  55  4:27  Resonating Glaives (Chrono Boost)  
  55  4:29  Adept  
  55  4:31  Probe  
  58  4:32  Assimilator  
  58  4:33  Nexus  
  58  4:38  Probe  
  58  4:42  Assimilator  
  58  4:43  Probe  
  58  4:44  Pylon  
  60  4:51  Probe  
  61  4:59  Probe  
  62  5:01  Pylon  
  62  5:02  Adept x4  
  70  5:11  Probe  
  70  5:13  Probe  
  67  5:14  Pylon  
  67  5:18  Pylon  
  65  5:23  Probe  
  65  5:25  Adept x3, Probe  
  65  5:28  Adept  
  73  5:35  Probe  
  74  5:38  Shield Battery  
  74  5:46  Adept x2  
  74  5:47  Probe, Adept  
  74  5:49  Adept  
  79  5:51  Probe x2  
  79  5:56  Robotics Facility  
  81  5:59  Forge  
  81  6:03  Probe x2 (Chrono Boost)  
  84  6:08  Probe (Chrono Boost)  
  84  6:10  Sentry x3  
  90  6:12  Assimilator  
  90  6:13  Assimilator  
  90  6:15  Probe (Chrono Boost)  
  90  6:18  Probe x2 (Chrono Boost)  
  80  6:24  Probe  
  70  6:28  Blink  
  70  6:29  Probe, Stalker  
  70  6:30  Probe  
  74  6:32  Pylon  
  74  6:34  Protoss Ground Weapons Level 1 (Chrono Boost), Adept x2  
  74  6:36  Probe  
  79  6:42  Probe x2  
  81  6:47  Robotics Facility  
  81  6:49  Robotics Bay  
  81  6:54  Probe  
  82  6:56  Gateway  
  82  6:59  Pylon  
  82  7:03  Adept x2  
  82  7:05  Warp Prism (Chrono Boost)  
  85  7:25  Stalker x4  
  91  7:34  Colossus (Chrono Boost)  
  91  7:37  Colossus (Chrono Boost)  
  91  7:39  Pylon  
  103  7:51  Probe  
  104  7:52  Shield Battery  
  104  7:53  Stalker x2  
  104  7:56  Extended Thermal Lance  
  108  8:03  Adept  
  108  8:04  Adept  
  108  8:17  Colossus (Chrono Boost)  
  108  8:19  Colossus (Chrono Boost)  
  114  8:20  Gateway  
  114  8:26  Protoss Ground Weapons Level 2 (Chrono Boost)  
  119  8:47  Stalker  
  119  8:48  Stalker x4  
  129  8:50  Pylon  
  125  8:58  Probe  
  125  9:02  Probe  
  127  9:08  Nexus  
  125  9:12  Stalker  
  125  9:13  Probe  
  117  9:17  Stalker x3  
  117  9:18  Probe, Stalker  
  117  9:21  Probe  
  123  9:25  Probe  
  123  9:31  Probe  
  123  9:38  Pylon  
  123  9:49  Nexus  
  123  9:50  Pylon  
  123  9:51  Pylon  
  123  9:52  Pylon  
  123  10:01  Pylon  
  120  10:07  Stalker x2, Probe  
  120  10:08  Stalker  
  120  10:09  Pylon  
  120  10:11  Pylon, Colossus (Chrono Boost)  
  136  10:17  Probe  
  137  10:23  Templar Archives  
  137  10:29  Probe  
  137  10:30  Probe x2  
  140  10:37  Zealot x5, Colossus (Chrono Boost)  
  140  10:42  Probe x2  
  152  10:44  Pylon  
  132  11:05  Stalker x5  
  120  11:12  Probe  
  120  11:16  Probe  
Tags
 
Add a new tag
Caveats
  • Supply blocks, unpowered buildings, or Contaminate may cause inaccurate times.
  • Supply counts are checked every 10 seconds.